 Dungeon Crawl Stone Soup version 0.29.0-7-g18a832c13a (webtiles) character file.

Game seed: 4223705013183646587

32987 xian the Thaumaturge (level 13, -9/90 HPs)
             Began as a Demonspawn Air Elementalist on Sept 1, 2022.
             Was a High Priest of Kikubaaqudgha.
             Mangled by a yak (11 damage)
             ... on level 5 of the Lair of Beasts.
             The game lasted 00:51:37 (19495 turns).

xian the Thaumaturge (Demonspawn Air Elementalist) Turns: 19495, Time: 00:51:37

Health: -9/90      AC:  6    Str:  9    XL:     13   Next: 34%
Magic:  27/27      EV: 18    Int: 26    God:    Kikubaaqudgha [*****.]
Gold:   919        SH:  0    Dex: 13    Spells: 18/33 levels left

rFire   . . .      SeeInvis .   n - +4 dagger (venom)
rCold   . . .      Faith    .   (no shield)
rNeg    . . .      Spirit   .   f - +2 robe {Archmagi}
rPois   +          Reflect  .   (helmet restricted)
rElec   .          Harm     .   D - +0 cloak
rCorr   .          Rampage  .   (no gloves)
Will    .....      Archmagi +   l - +0 pair of boots
Stlth   ++++......              M - amulet of magic regeneration
HPRegen 0.25/turn               E - ring of poison resistance
MPRegen 0.60/turn               u - +4 ring of evasion

@: studying Fighting
A: horns 1, powered by pain 1, big brain 2, demonic magic 3
a: Renounce Religion, Unearth Wretches, Torment


You were on level 5 of the Lair of Beasts.
You worshipped Kikubaaqudgha.
Kikubaaqudgha was extremely pleased with you.
You visited 3 branches of the dungeon, and saw 17 of its levels.

You collected 919 gold pieces.

Inventory:

Hand Weapons
 n - a +4 dagger of venom (weapon)
 I - a +5 dire flail
Missiles
 o - 2 throwing nets
Armour
 f - a +2 robe of the Archmagi (worn)
 l - a +0 pair of boots (worn)
 y - +1 ice dragon scales
 D - a +0 cloak (worn)
 K - the +0 robe of Indomitability {Harm}
   (You found it on level 4 of the Lair of Beasts)

   Harm:      It increases damage dealt and taken.
Jewellery
 d - a +4 ring of protection
 h - an amulet of regeneration
 u - a +4 ring of evasion (right hand)
 w - a ring of flight
 E - a ring of poison resistance (left hand)
 F - a ring of wizardry
 J - a ring of ice
 M - an amulet of magic regeneration (around neck)
Wands
 p - a wand of flame (97)
 r - a wand of iceblast (5)
 H - a wand of acid (7)
Scrolls
 a - 2 scrolls of enchant armour
 c - 2 scrolls of immolation
 g - 5 scrolls of amnesia
 i - 7 scrolls of enchant weapon
 j - a scroll of summoning
 s - 2 scrolls of magic mapping
 v - 2 scrolls of silence
 x - 3 scrolls of teleportation
 L - a scroll of poison
 O - a scroll of butterflies
Potions
 b - 3 potions of magic
 e - 3 potions of brilliance
 k - 4 potions of lignification
 m - 3 potions of curing
 q - 4 potions of berserk rage
 t - 5 potions of flight
 z - 6 potions of cancellation
 A - 3 potions of haste
 B - 3 potions of heal wounds
 C - 2 potions of might
 G - 2 potions of mutation
 N - a potion of invisibility {unknown}


   Skills:
 + Level 4.8 Fighting
 + Level 4.6 Short Blades
 + Level 3.1 Armour
 + Level 5.1 Dodging
 + Level 10.6 Stealth
 + Level 10.9 Spellcasting
 + Level 9.7 Conjurations
 + Level 10.7 Air Magic


You had 18 spell levels left.
You knew the following spells:

 Your Spells              Type           Power      Damage    Failure   Level
a - Shock                 Conj/Air       100%       1d9       1%          1
b - Static Discharge      Conj/Air       79%        3-13/arc  1%          2
c - Swiftness             Air            81%        N/A       1%          3
d - Airstrike             Air            40%        2d(6-22)  1%          4
e - Irradiate             Conj/Tmut      28%        3d21      16%         5

Your spell library contained the following spells:

 Spells                   Type           Power      Damage    Failure   Level
 Poisonous Vapours        Pois/Air       100%       N/A       1%          2
 Conjure Flame            Conj/Fire      56%        6-21      1%          3
 Necrotise                Necr           84%        1d8       4%          1
 Sticky Flame             Conj/Fire      56%        2d7       5%          4
 Sublimation of Blood     Necr           21%        N/A       6%          2
 Freezing Cloud           Conj/Ice/Air   32%        6-21      7%          5
 Corpse Rot               Necr/Pois/Air  49%        N/A       10%         4
 Confusing Touch          Hex            21%        N/A       13%         3
 Frozen Ramparts          Ice            42%        1d7       13%         3
 Gell's Gravitas          Tloc           21%        N/A       13%         3
 Ignite Poison            Fire/Tmut/Pois 21%        N/A       13%         3
 Inner Flame              Hex/Fire       21%        N/A       13%         3
 Lesser Beckoning         Tloc           21%        N/A       13%         3
 Summon Guardian Golem    Hex/Summ       21%        N/A       13%         3
 Teleport Other           Tloc           21%        N/A       13%         3
 Vampiric Draining        Necr           21%        2d7       13%         3
 Anguish                  Hex/Necr       10%        N/A       38%         4
 Animate Dead             Necr           21%        N/A       38%         4
 Cause Fear               Hex            10%        N/A       38%         4
 Dispel Undead            Necr           21%        3d11      38%         4
 Ice Form                 Ice/Tmut       21%        N/A       38%         4
 Petrify                  Tmut/Erth      21%        N/A       38%         4
 Summon Ice Beast         Ice/Summ       21%        N/A       38%         4
 Orb of Destruction       Conj           38%        9d11      54%         7
 Agony                    Necr           21%        N/A       75%         5
 Blade Hands              Tmut           10%        N/A       75%         5
 Borgnjor's Vile Clutch   Necr/Erth      10%        N/A       75%         5
 Summon Forest            Summ/Tloc      10%        N/A       75%         5
 Summon Mana Viper        Hex/Summ       21%        N/A       75%         5
 Yara's Violent Unravell  Hex/Tmut       10%        3d6       75%         5
 Spellforged Servitor     Conj/Summ      28%        N/A       99%         7
 Death Channel            Necr           10%        N/A       100%        6
 Simulacrum               Ice/Necr       10%        N/A       100%        6
 Summon Cactus Giant      Summ           10%        N/A       100%        6
 Dragon Form              Tmut           10%        N/A       100%        7
 Enfeeble                 Hex            10%        N/A       100%        7
 Discord                  Hex            10%        N/A       100%        8
 Polar Vortex             Ice            10%        N/A       100%        9


Dungeon Overview and Level Annotations

Branches:
Dungeon (11/15)            Temple (1/1) D:4            Lair (5/5) D:10
 Shoals (0/4) Lair:3       Spider (0/4) Lair:2          Orc (0/2) D:9
  Slime: Lair:4-5

Altars:
Dithmenos
Fedhas
Gozag
Kikubaaqudgha
Okawaru
Ru
Sif Muna
Trog
Uskayaw
Wu Jian
Xom

Shops:
D:2 =   D:5 :

Annotations:
D:7 3 runed translucent doors, azobrab's ghost, novice MeFi


Innate Abilities, Weirdness & Mutations

You have a pair of small horns on your head.
You sometimes gain a little power by taking damage.
You have an extremely huge brain. (Int +4)
Spells you cast and wands you use may paralyse nearby enemies.


Message History

The ice encasing you melts away. The yak misses you.
The yak bellows!
You feel much better. The yak closely misses you.
Casting: Static Discharge (safe; 1% risk of failure)
Confirm with . or Enter, or press ? or * to list all spells.
You feel a surge of power!
The yak is struck by an arc of lightning.
The yak is lightly wounded.
You are struck by an arc of lightning.
The yak is struck by an arc of lightning.
The yak is severely wounded.
The lightning grounds out.
The yak is struck by an arc of lightning.
The yak is almost dead.
You are struck by an arc of lightning.
The yak is struck by an arc of lightning!
The yak is heavily wounded.
The yak is struck by an arc of lightning.
You kill the yak!
Kikubaaqudgha accepts your kill.
You are struck by an arc of lightning.
The yak is struck by an arc of lightning!
The yak is almost dead.
The lightning grounds out.
Malevolent energies surge around you.
The yak suddenly stops moving!
The yak gores you but does no damage.
Unknown command.
Casting: Static Discharge (safe; 1% risk of failure)
Confirm with . or Enter, or press ? or * to list all spells.
Okay, then.
The yak gores you!
* * * LOW HITPOINT WARNING * * *
The yak gores you!
* * * LOW HITPOINT WARNING * * *
You focus on the pain.
You feel your power returning. The yak gores you!
* * * LOW HITPOINT WARNING * * *
The yak gores you!
You die...
Kikubaaqudgha rasps: "You have failed me!
Welcome... death!"

### #.#.## ### #.####...##
####.### ## #.
.....PP.#.#####.##..P####.#...
..............................
..............................
..............................
..............................
................Y†............
...............Y@Y............
........#######...............
.....#### ####............
....## ##........... ...##
####........ .### ###...... ##
##


You could see 3 yaks.

Vanquished Creatures
  A yaktaur captain (D:10)
  2 hydras
  2 centaur warriors (D:10)
  A catoblepas (D:10)
  4 two-headed ogres
  5 death yaks
  Urug (Lair:1)
  Amaemon (D:9)
  A deep elf pyromancer (D:10)
  Pikel (D:6)
  A cyclops (D:11)
  Joseph (D:9)
  5 black mambas
  An orange demon (D:9)
  A merfolk siren (Lair:3)
  Psyche (D:8)
  A gargoyle (D:11)
  9 cane toads
  A rime drake (Lair:5)
  5 komodo dragons
  A yaktaur (D:10)
  A polar bear (Lair:4)
  A troll (D:11)
  Grinder (D:4)
  4 dream sheep (Lair:5)
  A shadow (D:10)
  6 wyverns
  31 yaks
  2 wraiths
  6 basilisks
  A vampire mosquito (D:10)
  Duvessa (D:5)
  12 water moccasins
  A swamp drake (D:10)
  A black bear (D:5)
  4 orc warriors
  An ice beast (D:6)
  2 ogres
  A phantom (D:6)
  5 wolves (Lair:3)
  2 centaurs (D:7)
  2 lemures (D:6)
  5 kobold brigands
  10 bullfrogs
  3 necrophages
  4 scorpions
  19 wights
  Dowan (D:5)
  6 killer bees (D:8)
  A howler monkey (D:11)
  4 hounds
  2 jellies
  2 orc priests
  A gnoll bouda (D:6)
  Terence (D:2)
  9 orc wizards
  A centaur simulacrum (D:10)
  8 gnolls
  5 adders
  A white imp (D:6)
  3 ufetubi
  3 worms
  2 dart slugs (D:3)
  25 orcs
  11 ball pythons
  4 endoplasms
  A giant cockroach (D:4)
  3 goblins
  4 hobgoblins
  10 jackals
  4 quokkas
  2 bats
  3 frilled lizards
  34 kobolds
  5 rats
329 creatures vanquished.

Vanquished Creatures (others)
  A sky beast (D:8)
  A bush (Lair:5)
  12 fungi
  19 plants
33 creatures vanquished.

Grand Total: 362 creatures vanquished

Notes
Turn   | Place    | Note
-------+----------+-------------------------------------------
     0 | D:1      | xian the Demonspawn Air Elementalist began the quest for
                  | the Orb.
     0 | D:1      | Reached XP level 1. HP: 13/13 MP: 3/3
   412 | D:1      | Gained mutation: You have an unusually large brain. (Int
                  | +2) [demonic ancestry]
   412 | D:1      | Reached XP level 2. HP: 19/19 MP: 1/5
   467 | D:1      | Found a faded altar of an unknown god.
   598 | D:1      | Learned a level 2 spell: Static Discharge
  1337 | D:2      | Found Jiall's Jewellery Boutique.
  1406 | D:2      | Reached XP level 3. HP: 24/24 MP: 0/6
  1646 | D:2      | Learned a level 3 spell: Swiftness
  1858 | D:2      | Noticed Terence
  1870 | D:2      | Killed Terence
  1995 | D:2      | Gained mutation: You have a pair of small horns on your
                  | head. [demonic ancestry]
  1995 | D:2      | Reached XP level 4. HP: 30/30 MP: 2/8
  2371 | D:3      | Noticed an ogre
  2380 | D:3      | Killed an ogre
  2381 | D:3      | Gained mutation: Spells you cast may paralyse adjacent
                  | enemies. [demonic ancestry]
  2381 | D:3      | Reached XP level 5. HP: 16/35 MP: 4/10
  2517 | D:3      | Found a shadowy altar of Dithmenos.
  3930 | D:4      | Noticed Grinder
  3934 | D:4      | Paralysed by Grinder for 3 turns
  3943 | D:4      | Killed Grinder
  3944 | D:4      | Reached skill level 1 in Short Blades
  3944 | D:4      | Gained mutation: Spells you cast may paralyse nearby
                  | enemies. [demonic ancestry]
  3944 | D:4      | Reached XP level 6. HP: 41/41 MP: 7/12
  4101 | D:4      | Found a staircase to the Ecumenical Temple.
  4110 | Temple   | Entered the Ecumenical Temple
  4196 | Temple   | Became a worshipper of Kikubaaqudgha
  4369 | D:4      | Reached XP level 7. HP: 46/46 MP: 7/13
  4774 | D:5      | Entered Level 5 of the Dungeon
  4810 | D:5      | Noticed Dowan
  4811 | D:5      | Noticed Duvessa
  4820 | D:5      | Killed Duvessa
  4822 | D:5      | Killed Dowan
  4823 | D:5      | Reached skill level 5 in Air Magic
  5435 | D:5      | Reached XP level 8. HP: 52/53 MP: 10/15
  5546 | D:5      | Learned a level 4 spell: Airstrike
  6011 | D:5      | Found Irotsih's Book Shoppe.
  6096 | D:6      | Reached skill level 5 in Spellcasting
  6102 | D:6      | Noticed Pikel
  6110 | D:6      | Killed Pikel
  6111 | D:6      | Reached skill level 1 in Fighting
  6111 | D:6      | Reached skill level 1 in Armour
  6401 | D:6      | Reached * piety under Kikubaaqudgha
  6401 | D:6      | Received a gift from Kikubaaqudgha
  6415 | D:6      | Gained mutation: You have an extremely huge brain. (Int +4)
                  | [demonic ancestry]
  6415 | D:6      | Reached XP level 9. HP: 55/59 MP: 16/18
  6752 | D:6      | Reached skill level 5 in Conjurations
  7115 | D:7      | Reached skill level 5 in Stealth
  7435 | D:7      | Found a runed translucent gate.
  7436 | D:7      | Found an opulent altar of Gozag.
  7437 | D:7      | Found a runed translucent gate.
  7438 | D:7      | Found a runed translucent gate.
  7921 | D:7      | Noticed a seven-headed hydra
  7922 | D:7      | Noticed a troll
  7924 | D:7      | Noticed azobrab's ghost (novice MeFi)
  8459 | D:8      | Reached ** piety under Kikubaaqudgha
  8732 | D:8      | Noticed Psyche
  8741 | D:8      | Killed Psyche
  8742 | D:8      | Reached XP level 10. HP: 48/67 MP: 15/20
  9717 | D:9      | Noticed Amaemon
  9722 | D:9      | Noticed an orange demon
  9728 | D:9      | Killed Amaemon
 10337 | D:9      | Found a staircase to the Orcish Mines.
 10815 | D:9      | Killed an orange demon
 10898 | D:9      | Noticed Joseph
 10901 | D:9      | Noticed a two-headed ogre
 10906 | D:9      | Killed Joseph
 10908 | D:9      | Killed a two-headed ogre
 10908 | D:9      | Reached *** piety under Kikubaaqudgha
 10908 | D:9      | Received a gift from Kikubaaqudgha
 11058 | D:10     | Entered Level 10 of the Dungeon
 11059 | D:10     | Noticed a two-headed ogre
 11069 | D:10     | Killed a two-headed ogre
 11070 | D:10     | Gained mutation: Spells you cast and wands you use may
                  | paralyse nearby enemies. [demonic ancestry]
 11070 | D:10     | Reached XP level 11. HP: 50/75 MP: 20/23
 11073 | D:10     | Noticed a yaktaur captain
 11177 | D:10     | Killed a yaktaur captain
 11498 | D:10     | Noticed a two-headed ogre
 11507 | D:10     | Killed a two-headed ogre
 11850 | D:10     | Noticed a centaur warrior
 11850 | D:10     | Noticed a deep elf pyromancer
 11854 | D:10     | Killed a deep elf pyromancer
 11869 | D:10     | Killed a centaur warrior
 11917 | D:10     | Noticed a catoblepas
 11918 | D:10     | Noticed a two-headed ogre
 11933 | D:10     | Killed a catoblepas
 11945 | D:10     | Killed a two-headed ogre
 12128 | D:10     | Noticed a centaur warrior
 12134 | D:10     | Killed a centaur warrior
 12194 | D:10     | Identified the +0 ring mail "Oruddous" {rPois Regen+ Str+4}
 12196 | D:10     | Got the Collected Works on Necromancy
 12204 | D:10     | Learned a level 5 spell: Irradiate
 12328 | D:10     | Found a staircase to the Lair.
 12331 | D:10     | Reached **** piety under Kikubaaqudgha
 13000 | D:11     | Noticed a skeletal warrior
 13001 | D:11     | Noticed a skeletal warrior
 13001 | D:11     | Noticed a skeletal warrior
 13267 | Lair:1   | Entered Level 1 of the Lair of Beasts
 13297 | Lair:1   | Gained mutation: You sometimes gain a little power by
                  | taking damage. [demonic ancestry]
 13297 | Lair:1   | Reached XP level 12. HP: 49/83 MP: 22/25
 14591 | Lair:1   | Noticed Urug
 14597 | Lair:1   | Killed Urug
 14986 | Lair:2   | Noticed a death yak
 15002 | Lair:2   | Noticed a death yak
 15006 | Lair:2   | Noticed a death yak
 15006 | Lair:2   | Noticed a death yak
 15007 | Lair:2   | Noticed a death yak
 15009 | Lair:2   | Killed a death yak
 15017 | Lair:1   | Killed a death yak
 15307 | Lair:2   | Reached skill level 10 in Air Magic
 15400 | Lair:2   | Found a hole to the Spider Nest.
 15505 | Lair:2   | Reached skill level 10 in Spellcasting
 15853 | Lair:2   | Killed a death yak
 15855 | Lair:2   | Killed a death yak
 15859 | Lair:2   | Killed a death yak
 15860 | Lair:2   | Reached skill level 10 in Stealth
 16174 | Lair:2   | Reached skill level 5 in Dodging
 17056 | Lair:3   | Found a staircase to the Shoals.
 17066 | Lair:3   | Reached XP level 13. HP: 89/90 MP: 24/27
 18450 | Lair:4   | Identified the +0 robe of Indomitability {Harm}
 18923 | Lair:5   | Entered Level 5 of the Lair of Beasts
 19474 | Lair:5   | Reached ***** piety under Kikubaaqudgha
 19495 | Lair:5   | HP: 2/90 [yak (10)]
 19495 | Lair:5   | Mangled by a yak

Illustrated notes

Levels and vault maps discovered:
D:1:      saegor_arrival_simple_e, layout_loops_cross, serial_rivers,
          chequers_serial_rivers_micro_a, chequers_serial_rivers_small_3,
          chequers_serial_rivers_room_b, chequers_serial_rivers_micro_c,
          chequers_serial_rivers_small_a, ebering_ecumenical_altar_rust,
          minmay_split_cup_small
D:2:      layout_loops_ring, serial_shops, nicolae_shop_hallway_stairs,
          uniq_terence
D:3:      layout_basic, nicolae_dithmenos_shadow_blocks
D:4:      layout_layer_cave, minmay_temple_entry_grid, uniq_grinder
D:5:      layout_basic, serial_shops, kennysheep_little_box,
          kennysheep_small_square, uniq_duvessa
D:6:      layout_loops_ring, uniq_pikel
D:7:      layout_basic, ebering_ghost_gozag, nrook_uturn, nrook_campfire,
          hex_medium, serial_bayou_pond_d
D:8:      layout_basic, uniq_psyche
D:9:      layout_stronghold, david_orc_3, uniq_amaemon, uniq_joseph
D:10:     layout_small_grid, erik_lair_dragon, minmay_the_grid_2x2
          [minmay_the_grid_tiny_cups, minmay_the_grid_spikes,
          minmay_the_grid_eight, minmay_the_grid_prize_shrinking_boxes]
D:11:     layout_small_grid
Temple:   mainiacjoe_temple_hex_bubbles
Lair:1:   layout_cave_pods, uniq_urug
Lair:2:   layout_roguey, spider_nest_entry_web_field, lemuel_fruit_tree
Lair:3:   layout_gridlike, minmay_shoals_entry_lonely_mermaid
Lair:4:   layout_cave_pods, serial_rivers, chequers_serial_rivers_small_b,
          chequers_serial_rivers_micro_c, chequers_serial_rivers_micro_d,
          chequers_serial_rivers_marsh, chequers_serial_rivers_large_a,
          chequers_serial_rivers_small_3, infiniplex_staircase_pool_2
Lair:5:   cheibrodos_lair_end_hotspot, layout_regular_city, slime_entry_1,
          columned_hall_lemuel

Skill      XL: |  1  2  3  4  5  6  7  8  9 10 11 12 |
---------------+-------------------------------------+-----
Air Magic      | 3 4 5 6 7 8 9 10 | 10.7
Stealth        | 2 3 4 5 7 8 10 | 10.6
Spellcasting   | 3 4 6 7 8 9 10 | 10.9
Conjurations   | 2 3 4 6 7 8 9 |  9.7
Short Blades   | 1 2 3 4 |  4.6
Dodging        | 2 3 4 5 |  5.1
Fighting       | 1 3 4 |  4.8
Armour         | 1 3 |  3.1

Action                   |  1- 3 |  4- 6 |  7- 9 | 10-12 | 13-15 || total
-------------------------+-------+-------+-------+-------+-------++-------
Melee: Short sword       |    13 |       |       |       |       ||    13
       Punch             |     1 |       |       |     4 |       ||     5
       Dagger            |    11 |    14 |    77 |   152 |    29 ||   283
       Headbutt          |       |     5 |     8 |    29 |     1 ||    43
 Cast: Shock             |    68 |    78 |   205 |   284 |    83 ||   718
       Static Discharge  |       |     2 |    18 |    83 |    18 ||   121
       Airstrike         |       |       |     1 |     1 |       ||     2
       Swiftness         |       |       |     1 |     3 |     2 ||     6
  Use: Scroll            |       |       |    18 |     6 |     4 ||    28
       Potion            |       |       |     2 |       |     1 ||     3
 Stab: Paralysed         |       |     4 |    23 |    46 |    22 ||    95
       Sleeping          |       |       |       |     9 |     1 ||    10
Armor: Robe              |     6 |     3 |       |    49 |     5 ||    63
       Leather armour    |       |       |    35 |       |       ||    35
Dodge: Dodged            |    26 |     8 |    45 |   153 |    24 ||   256
